 Dungeon Crawl Stone Soup version 0.26-a0-597-gb535b0901c (webtiles) character file.

Game seed: 7489580702078463843

236 Alarkh the Insei (level 5, -1/43 HPs)
             Began as a Demonspawn Monk on Sept 3, 2020.
             Succumbed to a gnoll's poison
             ... on level 2 of the Dungeon.
             The game lasted 00:03:19 (1884 turns).

Alarkh the Insei (Demonspawn Monk)                  Turns: 1884, Time: 00:03:19

Health: -1/43      AC:  3    Str: 11    XL:     5   Next: 77%
Magic:  5/5        EV: 13    Int: 13    God:
Gold:   102        SH:  0    Dex: 15    Spells: 4/4 levels left

rFire    . . .     SeeInvis .     - Unarmed
rCold    . . .     Faith    +   (no shield)
rNeg     . . .     Spirit   .   a - +0 robe
rPois    .         Reflect  .   b - +0 helmet
rElec    .         Harm     .   (no cloak)
rCorr    .                      (no gloves)
MR       .....                  (no boots)
Stlth    ++........             d - amulet of faith
HPRegen  0.14/turn              (no ring)
MPRegen  0.09/turn              (no ring)

@: lethally poisoned (-1 -> -49)
A: powered by death 2
a: no special abilities


You were on level 2 of the Dungeon.
You visited 1 branch of the dungeon, and saw 2 of its levels.

You collected 102 gold pieces.

Inventory:

Armour
 a - a +0 robe (worn)
 b - a +0 helmet (worn)
Jewellery
 d - an amulet of faith (around neck)
Scrolls
 c - a scroll of remove curse
 e - a scroll of enchant weapon {unknown}


   Skills:
 + Level 4.4 Fighting
 - Level 2.6 Dodging
 - Level 1.7 Stealth
 * Level 5.1 Unarmed Combat


You had 4 spell levels left.
You didn't know any spells.
Your spell library was empty.

Dungeon Overview and Level Annotations

Branches:
Dungeon (2/15)

Altars:


Innate Abilities, Weirdness & Mutations

You regenerate health from kills.


Message History

You tear a large gash into the net.
An adder comes into view.
An ooze comes into view.
The gnoll hits you with a +1 spear of venom!
You are more poisoned.
The goblin hits you with a cursed -2 war axe.
You struggle against the net.
You feel very sick.
The gnoll hits you with a +1 spear of venom.
You are lethally poisoned!
The goblin hits you with a cursed -2 war axe.
The gnoll hits you with a +0 club!
* * * LOW HITPOINT WARNING * * *
You shred the net and break free!
* * * LOW HITPOINT WARNING * * *
You feel sick.
The gnoll hits you with a +1 spear of venom!
* * * LOW HITPOINT WARNING * * *
You are more poisoned.
The goblin barely misses you.
You die...

#.###.#######
#...#...
#.#####.#.#
#..)......#
..#.###...# #
#....>....# #
# #..####...#
#.### #...#
#.... #@..#
#.... #.g.#
#..
#$....ggg>#
#.#
#.##...gg##
#.. #...#S#
#.. #..K #.
#.. .... #.
### ##... # #
.... #


You could see 4 gnolls, an adder, a hobgoblin, a goblin and a kobold.

Vanquished Creatures
  Sigmund (D:2)
  Robin (D:1)
  An adder (D:2)
  A dart slug (D:2)
  A leopard gecko (D:2)
  3 orcs
  5 bats
  3 giant cockroaches (D:1)
  10 goblins
  A hobgoblin (D:2)
  5 kobolds
  A quokka (D:2)
  2 ball pythons
  A frilled lizard (D:2)
  6 rats (D:1)
42 creatures vanquished.

Notes
Turn   | Place    | Note
-------+----------+-------------------------------------------
     0 | D:1      | Alarkh the Demonspawn Monk began the quest for the Orb.
     0 | D:1      | Reached XP level 1. HP: 18/18 MP: 1/1
   215 | D:1      | Reached skill level 3 in Unarmed Combat
   372 | D:1      | Gained mutation: You regenerate a little health from kills.
                  | [demonic ancestry]
   372 | D:1      | Reached XP level 2. HP: 24/24 MP: 2/2
   956 | D:2      | Reached XP level 3. HP: 13/29 MP: 3/3
  1004 | D:2      | Noticed Robin
  1338 | D:1      | Killed Robin
  1399 | D:2      | Found a faded altar of an unknown god.
  1544 | D:2      | Noticed Sigmund
  1773 | D:2      | Reached skill level 4 in Unarmed Combat
  1786 | D:2      | Killed Sigmund
  1786 | D:2      | Reached skill level 5 in Unarmed Combat
  1786 | D:2      | Reached XP level 4. HP: 37/38 MP: 4/4
  1786 | D:2      | Gained mutation: You regenerate health from kills. [demonic
                  | ancestry]
  1786 | D:2      | Reached XP level 5. HP: 42/43 MP: 5/5
  1884 | D:2      | Succumbed to a gnoll's poison

Illustrated notes

Levels and vault maps discovered:
D:1:      heliophobic_arrival_ceremonial_halls, layout_basic
D:2:      layout_loops_ring, elyvilon_altar_3,
          chequers_ecumenical_altar_simple_redux, uniq_sigmund, uniq_robin,
          uniq_terence

Skill      XL: |  1  2  3 |
---------------+----------+-----
Unarmed Combat | 3 5 |  5.1
Fighting       | 4 |  4.4
Dodging        | |  2.6
Stealth        | |  1.7

Action                   |  1- 3 |  4- 6 || total
-------------------------+-------+-------++-------
Melee: Unarmed           |   209 |     4 ||   213
       Punch             |     3 |       ||     3
  Use: Scroll            |     2 |       ||     2
       Potion            |     1 |       ||     1
 Stab: Sleeping          |     1 |       ||     1
       Distracted        |     1 |       ||     1
Armor: Robe              |    38 |     1 ||    39
Dodge: Dodged            |   153 |     4 ||   157

Table legend: (Time is in decaauts)
 A = Elapsed time spent in this place.
 B = Non-inter-level travel time spent in this place.
 C = Inter-level travel time spent in this place.
 D = Time resting spent in this place.
 E = Time spent auto-exploring this place.
 F = Levels seen in this place.
 G = Mean time per level.
                   A        B        C        D        E       F      G
               +--------+--------+--------+--------+--------+-----+--------+
         Total |   1876 |   1813 |     63 |    522 |    796 |   2 |  938.0 |
       Dungeon |   1876 |   1813 |     63 |    522 |    796 |   2 |  938.0 |
               +--------+--------+--------+--------+--------+-----+--------+

Top non-repeatable levels by time:
     D:1: 1502 daAuts
     D:2: 373 daAuts
